 Seeded DCSS version 0.30-a0-377-g5cb311bc9f (webtiles) character file.

Game seed: 12882034922843276435 (custom seed)

9 purpskrrrp the Shooter (level 2, 25/25 HPs)
             Began as a Minotaur Hunter on Nov 28, 2022.
             Got out of the dungeon alive.
             The game lasted 00:00:40 (286 turns).

purpskrrrp the Shooter (Minotaur Hunter)             Turns: 286, Time: 00:00:41

Health: 25/25      AC:  3    Str: 15    XL:     2   Next: 3%
Magic:  1/1        EV: 12    Int:  6    God:
Gold:   44         SH:  0    Dex: 13    Spells: 1/1 levels left

rFire   . . .      SeeInvis .    a - +0 shortbow
rCold   . . .      Faith    .    (shield currently unavailable)
rNeg    . . .      Spirit   .    c - +0 leather armour
rPois   .          Reflect  .    (helmet restricted)
rElec   .          Harm     .    (no cloak)
rCorr   .          Rampage  .    (no gloves)
Will    .....                    (no boots)
Stlth   +.........               (no amulet)
HPRegen 0.24/turn                (no ring)
MPRegen 0.07/turn                (no ring)

@: no status effects
A: horns 2, retaliatory headbutt
a: no special abilities


You escaped.
You visited 1 branch of the dungeon, and saw 1 of its levels.

You collected 44 gold pieces.

Inventory:

Hand Weapons
 a - a +0 shortbow (weapon)
Armour
 c - a +0 leather armour (worn)
Scrolls
 b - a scroll of immolation
 d - a scroll of noise {unknown}
 e - a scroll of acquirement


   Skills:
 + Level 2.6 Fighting
 * Level 4.7 Ranged Weapons
 + Level 2.4 Dodging
 - Level 0.7 Stealth


You had one spell level left.
You didn't know any spells.
Your spell library was empty.

Dungeon Overview and Level Annotations

Branches:
Dungeon (1/15)

Altars:


Innate Abilities, Weirdness & Mutations

You have a pair of horns on your head.
You reflexively headbutt those who attack you in melee.


Message History

You kill the rat!
No target in view!
e - a scroll labelled IHUFUZ JOIBEV You now have 32 gold pieces (gained 8).
No target in view!
You see here a rat corpse.
A bat comes into view.
A bat is nearby!
You shoot an arrow. The arrow barely misses the bat.
The bat barely misses you.
You shoot an arrow. The arrow hits the bat!
You kill the bat!
A bat comes into view.
You shoot an arrow. The arrow hits the bat!
You kill the bat!
Key pressed, stopping explore.
No target in view!
A kobold comes into view. It is wielding a +0 whip.
A kobold is nearby!
You shoot an arrow. The arrow hits the kobold.
You kill the kobold!
You now have 44 gold pieces (gained 12).
Found a cloak.
You see here a +0 cloak.
Key pressed, stopping explore.
No target in view!
A hobgoblin comes into view.
You shoot an arrow. The arrow barely misses the hobgoblin.
A hobgoblin is nearby!
You shoot an arrow. The arrow hits the hobgoblin.
The hobgoblin is almost dead.
You shoot an arrow. The arrow hits the hobgoblin.
You kill the hobgoblin!
You have reached level 2!
This is a scroll of acquirement!
Found a stone staircase leading down.
There is a staircase leading out of the dungeon here.
Are you sure you want to leave the Dungeon?
This will make you lose the game!
Alright, then stay!
Are you sure you want to leave the Dungeon?
This will make you lose the game!
You have escaped!

.. #########.#
..........#####
...............
........... #
#P.....P# #
##~##P...P##~##
~~~~~.[@..~~~~~
##~##P...P##~## #
P#~#P.....P#~#P...
..............)...
######..#########.
#..........
#.######.## #.###
#...#


There were no monsters in sight!

Vanquished Creatures
  2 bats (D:1)
  A hobgoblin (D:1)
  2 kobolds (D:1)
  A quokka (D:1)
  3 rats (D:1)
9 creatures vanquished.

Notes
Turn   | Place    | Note
-------+----------+-------------------------------------------
     0 | D:1      | purpskrrrp the Minotaur Hunter began the quest for the Orb.
     0 | D:1      | Reached XP level 1. HP: 18/18 MP: 0/0
   184 | D:1      | Reached XP level 2. HP: 25/25 MP: 1/1
   184 | D:1      | Identified a scroll of acquirement
   286 | D:$      | Got out of the dungeon alive.

Illustrated notes

Levels and vault maps discovered:
D:1:      eino_arrival_water_cross, layout_basic

Action                   || total
-------------------------++-------
 Fire: Shortbow          ||    18
Armor: Leather armour    ||     1
Dodge: Dodged            ||     1

Table legend: (Time is in decaauts)
 A = Elapsed time spent in this place.
 B = Non-inter-level travel time spent in this place.
 C = Inter-level travel time spent in this place.
 D = Time resting spent in this place.
 E = Time spent auto-exploring this place.
 F = Levels seen in this place.
 G = Mean time per level.
                   A        B        C        D        E       F      G
               +--------+--------+--------+--------+--------+-----+--------+
         Total |    292 |    191 |    101 |      0 |    149 |   1 |  292.0 |
       Dungeon |    292 |    191 |    101 |      0 |    149 |   1 |  292.0 |
               +--------+--------+--------+--------+--------+-----+--------+

Top non-repeatable levels by time:
     D:1: 292 daAuts
